Map: Data-C

Players

Neeb - Winner!

  • Race: Protoss Protoss
  • Spawn Location: 3:00

GungFuBanDa

  • Race: Protoss Protoss
  • Spawn Location: 9:00

Event: DreamHack SC2 Masters 2022 Atlanta (Offline)

VOD

Have the link to the VOD?

Description

Time

  • Played on: Nov. 18, 2022, 8:11 p.m.
  • Length: 4:42

All games in this series

Show
View Real Time Build Order
Export as new Build Order

Neeb Protoss - Winner!

Build Orders: 1 Gate Expand, Oracle Opening 

Get SALT Encoding   

  12  0:00  Probe  
  13  0:12  Probe  
  14  0:17  Pylon  
  14  0:24  Probe (Chrono Boost)  
  15  0:36  Probe (Chrono Boost)  
  15  0:38  Gateway  
  16  0:44  Probe (Chrono Boost)  
  16  0:47  Assimilator  
  17  0:51  Probe  
  18  1:03  Probe  
  19  1:15  Probe  
  20  1:23  Nexus  
  20  1:35  Cybernetics Core  
  20  1:37  Probe  
  21  1:46  Assimilator  
  21  1:49  Probe  
  21  1:53  Pylon  
  22  2:01  Probe (Chrono Boost)  
  23  2:08  Adept (Chrono Boost)  
  23  2:13  Probe (Chrono Boost)  
  23  2:14  Shield Battery  
  26  2:17  Shield Battery  
  26  2:18  Probe (Chrono Boost)  
  27  2:31  Stalker  
  27  2:35  Shield Battery  
  29  2:38  Probe  
  29  2:41  Probe  
  31  2:49  Stargate  
  31  2:57  Shield Battery  
  31  3:02  Stalker  
  33  3:10  Shield Battery  
  33  3:22  Shield Battery x2  
  33  3:34  Stalker  
  33  3:36  Oracle (Chrono Boost)  
  38  3:45  Probe x2  
  40  3:50  Robotics Facility  
  40  3:57  Probe  
  40  3:58  Probe  
  43  4:10  Probe  
  43  4:11  Probe  
  43  4:12  Gateway  
  44  4:17  Gateway  
  44  4:22  Probe  
  44  4:23  Probe  
  46  4:26  Pylon  
  46  4:30  Pylon  
Show
View Real Time Build Order
Export as new Build Order

GungFuBanDa Protoss 

Build Orders:  

Get SALT Encoding   

  12  0:00  Probe  
  13  0:12  Probe  
  14  0:17  Pylon  
  14  0:24  Probe (Chrono Boost)  
  15  0:36  Probe (Chrono Boost)  
  15  0:38  Gateway  
  16  0:45  Probe (Chrono Boost)  
  16  0:47  Assimilator  
  17  0:51  Probe  
  18  1:03  Probe  
  19  1:15  Probe  
  20  1:26  Zealot  
  20  1:28  Probe, Cybernetics Core  
  20  1:32  Pylon  
  23  1:38  Assimilator  
  23  1:53  Probe  
  24  2:05  Pylon  
  24  2:06  Stalker (Chrono Boost)  
  24  2:09  Warp Gate, Probe  
  27  2:21  Probe  
  28  2:23  Shield Battery  
  28  2:24  Shield Battery  
  28  2:26  Shield Battery, Stalker (Chrono Boost)  
  30  2:37  Shield Battery  
  30  2:40  Shield Battery  
  30  2:49  Stalker  
  31  2:54  Probe  
  32  3:06  Probe  
  32  3:11  Twilight Council  
  33  3:37  Probe  
  34  3:49  Nexus, Probe (Chrono Boost)  
  35  3:57  Pylon  
  35  4:00  Sentry, Probe (Chrono Boost)  
  36  4:12  Probe  
  36  4:16  Gateway  
  37  4:23  Sentry  
  37  4:25  Probe  
Tags
 
Add a new tag
Caveats
  • Supply blocks, unpowered buildings, or Contaminate may cause inaccurate times.
  • Supply counts are checked every 10 seconds.